Map: Dash and Terminal LE (Void)

Players

Grish

  • Race: Protoss Protoss
  • League: Grandmaster

CaptRaynor - Winner!

  • Race: Protoss Protoss
  • League: Grandmaster

VOD

Have the link to the VOD?

Description

Time

  • Played on: Aug. 8, 2015, 1:52 a.m.
  • Length: 13:07
Show
View Real Time Build Order
Export as new Build Order

Grish Protoss 

Build Orders:  

Get SALT Encoding   

  12  0:01  Probe  
  13  0:13  Probe  
  14  0:19  Pylon  
  14  0:41  Gateway  
  14  0:47  Gateway  
  14  0:55  Pylon  
  14  1:01  Probe (Chrono Boost)  
  16  1:11  Probe (Chrono Boost)  
  16  1:31  Cybernetics Core  
  16  1:38  Zealot x2  
  20  1:43  Probe  
  20  1:45  Assimilator  
  21  1:55  Probe  
  22  2:10  Zealot x2  
  25  2:15  Probe  
  25  2:19  Assimilator  
  26  2:29  Pylon  
  26  2:46  Stalker  
  26  2:49  Adept  
  30  3:09  Nexus  
  30  3:12  Warp Gate (Chrono Boost)  
  30  3:16  Zealot  
  32  3:23  Pylon  
  32  3:48  Forge  
  31  3:57  Probe (Chrono Boost)  
  32  4:05  Sentry (Chrono Boost)  
  32  4:06  Stalker (Chrono Boost)  
  32  4:07  Probe (Chrono Boost)  
  37  4:14  Probe  
  38  4:26  Probe  
  38  4:28  Photon Cannon  
  39  4:33  Photon Cannon  
  39  4:43  Zealot  
  39  4:45  Zealot  
  43  4:48  Probe  
  44  5:00  Probe  
  44  5:04  Stargate  
  45  5:19  Probe (Chrono Boost)  
  46  5:24  Protoss Ground Weapons Level 1  
  46  5:27  Zealot  
  46  5:28  Zealot  
  51  5:29  Probe (Chrono Boost)  
  51  5:36  Probe (Chrono Boost)  
  52  5:43  Assimilator  
  52  5:46  Probe (Chrono Boost)  
  53  5:53  Probe  
  54  5:58  Phoenix (Chrono Boost)  
  56  6:06  Probe (Chrono Boost), Pylon  
  57  6:13  Pylon  
  57  6:15  Probe (Chrono Boost)  
  59  6:19  Probe (Chrono Boost)  
  59  6:24  Phoenix  
  62  6:25  Probe (Chrono Boost)  
  62  6:27  Probe (Chrono Boost)  
  62  6:32  Probe (Chrono Boost)  
  64  6:51  Phoenix  
  66  7:02  Stalker  
  66  7:03  Zealot  
  70  7:16  Mothership Core, Oracle  
  75  7:36  Pylon  
  75  7:40  Pylon  
  75  7:42  Pylon  
  75  7:47  Probe  
  75  7:50  Pylon  
  76  7:52  Pylon  
  76  7:56  Pylon  
  76  7:58  Robotics Facility  
  76  7:59  Probe  
  77  8:12  Probe  
  78  8:24  Probe  
  79  8:29  Zealot  
  79  8:30  Zealot  
  83  8:36  Probe  
  83  8:38  Gateway  
  83  8:40  Gateway  
  84  8:43  Photon Cannon  
  84  8:44  Void Ray (Chrono Boost)  
  84  8:47  Photon Cannon  
  84  8:48  Observer (Chrono Boost)  
  89  9:03  Observer (Chrono Boost)  
  90  9:19  Void Ray (Chrono Boost)  
  94  9:53  Stargate  
  94  9:57  Probe  
  94  9:58  Void Ray (Chrono Boost)  
  99  10:02  Assimilator  
  99  10:09  Probe  
  100  10:14  Nexus  
  103  10:42  Void Ray (Chrono Boost)  
  103  11:04  Pylon  
  103  11:06  Pylon  
  103  11:08  Void Ray (Chrono Boost)  
  107  11:13  Immortal  
  107  11:18  Zealot x4  
  117  11:23  Void Ray (Chrono Boost)  
  101  12:03  Void Ray  
  72  12:28  Zealot x4  
  59  12:44  Observer  
  59  12:50  Stalker  
  59  12:51  Stalker  
  58  12:55  Stalker  
Show
View Real Time Build Order
Export as new Build Order

CaptRaynor Protoss - Winner!

Build Orders:  

Get SALT Encoding   

  12  0:03  Probe  
  13  0:15  Probe  
  14  0:23  Pylon  
  14  0:41  Probe (Chrono Boost)  
  15  0:51  Probe (Chrono Boost)  
  15  0:56  Gateway  
  16  0:58  Probe  
  17  1:10  Probe  
  18  1:22  Probe  
  18  1:23  Pylon  
  19  1:35  Probe, Assimilator  
  19  1:39  Pylon  
  20  1:47  Cybernetics Core  
  20  1:49  Zealot  
  22  1:54  Probe  
  22  2:13  Probe  
  23  2:16  Nexus  
  23  2:19  Assimilator  
  23  2:21  Zealot  
  25  2:25  Warp Gate (Chrono Boost)  
  25  2:53  Mothership Core (Chrono Boost)  
  27  3:32  Probe x2  
  29  3:34  Nexus  
  29  3:38  Pylon  
  29  3:41  Pylon  
  29  3:45  Gateway  
  29  3:46  Gateway  
  29  3:51  Probe x2  
  31  4:00  Assimilator  
  31  4:03  Probe x2  
  31  4:08  Sentry  
  35  4:22  Pylon  
  35  4:25  Probe x2  
  37  4:38  Stargate  
  37  4:40  Pylon  
  37  4:42  Probe x2  
  39  4:45  Adept  
  39  4:48  Sentry x2  
  45  4:55  Probe x2  
  45  4:56  Probe  
  48  5:08  Probe x3  
  48  5:11  Adept  
  53  5:22  Stargate  
  53  5:27  Probe x2  
  53  5:28  Probe  
  56  5:34  Adept  
  56  5:35  Adept  
  60  5:36  Sentry  
  60  5:41  Oracle  
  65  5:47  Probe x3  
  68  5:53  Assimilator  
  68  6:00  Probe x3, Protoss Air Weapons Level 1 (Chrono Boost)  
  71  6:09  Fleet Beacon  
  71  6:11  Pylon  
  71  6:15  Probe x3  
  74  6:29  Probe x3  
  77  6:40  Assimilator  
  74  6:49  Stalker x3  
  80  6:55  Graviton Catapult (Chrono Boost)  
  80  6:57  Probe x3  
  83  7:05  Assimilator  
  83  7:16  Stalker  
  83  7:17  Stalker x2, Carrier  
  83  7:18  Carrier  
  89  7:26  Probe x3  
  92  7:34  Pylon  
  92  7:37  Pylon  
  92  7:39  Gateway  
  92  7:41  Gateway  
  104  7:46  Probe  
  104  7:47  Probe  
  104  7:49  Protoss Air Weapons Level 2 (Chrono Boost)  
  106  7:52  Probe  
  106  7:57  Pylon  
  104  8:12  Stalker  
  105  8:21  Forge  
  105  8:22  Probe  
  105  8:23  Probe x2  
  108  8:28  Adept x2  
  118  8:56  Stalker x2  
  118  9:02  Stalker  
  118  9:21  Photon Cannon  
  118  9:23  Probe x3  
  121  9:30  Carrier  
  121  9:34  Pylon  
  121  9:38  Carrier  
  121  9:42  Pylon  
  121  9:46  Protoss Air Weapons Level 3 (Chrono Boost), Photon Cannon  
  127  9:55  Pylon  
  127  10:05  Adept x2, Photon Cannon  
  136  10:15  Pylon  
  136  10:41  Stalker x3, Pylon  
  138  10:44  Probe x3  
  140  10:55  Protoss Shields Level 1 (Chrono Boost)  
  140  10:57  Carrier x2  
  140  11:07  Photon Cannon  
  140  11:09  Photon Cannon  
  140  11:11  Pylon  
  152  11:39  Adept x3  
  145  12:08  Stalker x3  
  151  12:50  Nexus  
  151  12:54  Pylon  
  151  12:56  Pylon  
Tags
 
Add a new tag
Caveats
  • Supply blocks, unpowered buildings, or Contaminate may cause inaccurate times.
  • Supply counts are checked every 10 seconds.